 Dungeon Crawl Stone Soup version 0.30-a0-424-g7412bad402 (webtiles) character file.

Game seed: 9562194886115258628

220 NinjaNoafa the Trooper (level 5, -11/38 (47) HPs)
             Began as a Hill Orc Monk on Dec 9, 2022.
             Mangled by an ogre
             ... wielding a +0 giant club
              (25 damage)
             ... on level 4 of the Dungeon.
             The game lasted 00:07:03 (2534 turns).

NinjaNoafa the Trooper (Hill Orc Monk)              Turns: 2534, Time: 00:07:04

HP:   -11/38 (47)   AC: 12    Str: 14    XL:     5   Next: 97%
MP:   0/5           EV: 10    Int: 16    God:
Gold: 156           SH:  0    Dex: 13    Spells: 4/4 levels left

rFire   . . .      SeeInvis +    l - +3 falchion "Ovutwoot" {vorpal, Drain Int+4 SInv Stlth+}
rCold   . . .      Faith    .    (no shield)
rNeg    . . .      Spirit   +    m - +3 scale mail
rPois   .          Reflect  .    (no helmet)
rElec   .          Harm     .    t - +0 cloak
rCorr   .          Rampage  .    q - +0 pair of gloves
Will    .....                    (no boots)
Stlth   +.........               d - amulet of guardian spirit
HPRegen 0.26/turn                (no ring)
MPRegen 0.09/turn                (no ring)

@: heavily drained
A: no striking features
a: no special abilities


You were on level 4 of the Dungeon.
You visited 1 branch of the dungeon, and saw 4 of its levels.

You collected 156 gold pieces.

Inventory:

Hand Weapons
 l - the +3 falchion "Ovutwoot" (weapon) {vorpal, Drain Int+4 SInv Stlth+}
   (You found it on level 2 of the Dungeon)

   It inflicts extra damage upon your enemies.
   Int:       It affects your intelligence (+4).
   SInv:      It lets you see invisible.
   Drain:     It drains your maximum health when unequipped.
   Stlth:     It makes you more stealthy.
Missiles
 g - 33 stones (quivered)
 n - 3 javelins
 v - a throwing net
Armour
 m - a +3 scale mail (worn)
 q - a +0 pair of gloves (worn)
 t - a +0 cloak (worn)
Jewellery
 d - an amulet of guardian spirit (around neck)
 y - a ring of wizardry
Scrolls
 a - a scroll of magic mapping {unknown}
 e - a scroll of teleportation {unknown}
 i - a scroll of silence {unknown}
 j - a scroll of enchant armour {unknown}
 k - 2 scrolls of identify {unknown}
 o - a scroll of poison {unknown}
 p - a scroll of torment {unknown}
 s - a scroll of fog {unknown}
 w - a scroll of fear {unknown}
Potions
 b - a potion of attraction {unknown}
 c - a potion of ambrosia
 f - a potion of curing {unknown}
 h - a potion of brilliance {unknown}
 r - 3 potions of lignification {unknown}
 u - a potion of heal wounds {unknown}
 x - a potion of mutation {unknown}


   Skills:
 + Level 4.6 Fighting
 + Level 2.2 Long Blades
 - Level 4.0 Axes
 + Level 4.1 Armour
 + Level 3.1 Dodging
 - Level 1.5 Stealth


You had 4 spell levels left.
You didn't know any spells.
Your spell library was empty.

Dungeon Overview and Level Annotations

Branches:
Dungeon (4/15)
 Temple: D:4-7

Altars:


Message History

The jackal barely misses you.
You hit the jackal.
You kill the jackal!
The jackal closely misses you.
You hit the jackal.
The jackal is severely wounded.
The jackal barely misses you.
You hit the jackal.
You kill the jackal!
Things that are here:
a jackal corpse; a jackal corpse The jackal barely misses you.
Okay, then.
You hit the jackal.
You kill the jackal!
You see here a jackal corpse.
Okay, then.
An endoplasm comes into view.
An ogre comes into view. It is wielding a +0 giant club.
The ogre shouts!
The endoplasm quivers.
The endoplasm barely misses you.
You barely miss the endoplasm.
The endoplasm hits you but does no damage.
You barely miss the endoplasm. The endoplasm freezes you.
You are frozen.
The endoplasm attacks as you move away! The endoplasm completely misses you.
You hit the endoplasm.
You kill the endoplasm!
The ogre attacks as you move away! The ogre barely misses you.
The ogre attacks as you move away!
The ogre hits you with a +0 giant club!!
Ouch! That really hurt!
The ogre barely misses you.
You hear the slow hiss of a very distant avalanche of sand.
The ogre attacks as you move away!
The ogre hits you with a +0 giant club!!
Ouch! That really hurt!
You die...

#.# # #.# #.#
#.# #.# #.#
#.# #.# #@# .
#O# #.# #.#
..# #.# ...#.
#.#####.....#
#............
#####.#......
#........
#.#......


You could see an ogre.

Vanquished Creatures
  2 iguanas (D:3)
  4 gnolls (D:3)
  5 adders
  A worm (D:2)
  2 dart slugs (D:1)
  5 orcs (D:3)
  3 bats
  6 endoplasms
  4 giant cockroaches
  8 goblins
  5 hobgoblins
  7 jackals
  4 kobolds
  5 quokkas
  4 ball pythons
  A frilled lizard (D:2)
  4 rats
70 creatures vanquished.

Notes
Turn   | Place    | Note
-------+----------+-------------------------------------------
     0 | D:1      | NinjaNoafa the Hill Orc Monk began the quest for the Orb.
     0 | D:1      | Reached XP level 1. HP: 19/19 MP: 1/1
   106 | D:1      | Reached skill level 1 in Armour
   159 | D:1      | Reached XP level 2. HP: 25/26 MP: 2/2
   430 | D:1      | Reached XP level 3. HP: 23/31 MP: 1/3
   979 | D:2      | Identified the +3 falchion "Ovutwoot" {vorpal, Drain Int+4
                  | SInv Stlth+}
  1507 | D:2      | Reached XP level 4. HP: 40/40 MP: 4/4
  1553 | D:3      | Reached skill level 1 in Long Blades
  1716 | D:3      | Reached XP level 5. HP: 46/46 MP: 5/5
  2137 | D:3      | Identified the +7 mace "Alisch" {vorpal, Dex+4}
  2518 | D:4      | Noticed an ogre
  2534 | D:4      | Mangled by an ogre

Illustrated notes

Levels and vault maps discovered:
D:1:      roderic_crossed_star, layout_basic, minivault_27
D:2:      layout_basic, dk_noncrumbling_3, grunt_ministairs_2
D:3:      layout_rooms, kennysheep_cluttered_room, bh_walls_and_bars
D:4:      layout_loops_ring, nicolae_ossuary_entry_ruins,
          minmay_misc_feat_secret_circle, ebering_dispersal_statue_hall

Skill      XL: |  1  2  3  4  5 |
---------------+----------------+-----
Armour         | 1 2 3 4 |  4.1
Fighting       | 4 |  4.6
Long Blades    | 1 2 |  2.2
Dodging        | 3 |  3.1
Axes           | |  4.0
Stealth        | |  1.5

Action                   |  1- 3 |  4- 6 || total
-------------------------+-------+-------++-------
Melee: Hand axe          |    85 |       ||    85
       Punch             |     2 |       ||     2
       Falchion          |    33 |   100 ||   133
 Stab: Sleeping          |     2 |     1 ||     3
Armor: Robe              |     1 |       ||     1
       Ring mail         |    46 |       ||    46
       Scale mail        |     4 |    71 ||    75
Dodge: Dodged            |    95 |    96 ||   191

Table legend: (Time is in decaauts)
 A = Elapsed time spent in this place.
 B = Non-inter-level travel time spent in this place.
 C = Inter-level travel time spent in this place.
 D = Time resting spent in this place.
 E = Time spent auto-exploring this place.
 F = Levels seen in this place.
 G = Mean time per level.
                   A        B        C        D        E       F      G
               +--------+--------+--------+--------+--------+-----+--------+
         Total |   2572 |   2497 |     75 |      0 |   1805 |   4 |  643.0 |
       Dungeon |   2572 |   2497 |     75 |      0 |   1805 |   4 |  643.0 |
               +--------+--------+--------+--------+--------+-----+--------+

Top non-repeatable levels by time:
     D:1: 979 daAuts
     D:3: 954 daAuts
     D:2: 584 daAuts
     D:4: 54 daAuts
